Map: Blackpink LE

Players

Namshar - Winner!

  • Race: Zerg Zerg
  • Spawn Location: 7:00

BlueCheese

  • Race: Terran Terran
  • Spawn Location: 1:00

Event: WCS Leipzig 2018

VOD

Have the link to the VOD?

Description

Time

  • Played on: Jan. 26, 2018, 7:23 a.m.
  • Length: 13:59

All games in this series

Show
View Real Time Build Order
Export as new Build Order

Namshar Zerg - Winner!

Build Orders: Hatch First 

Get SALT Encoding   

  12  0:00  Drone  
  13  0:12  Overlord  
  13  0:17  Drone  
  14  0:30  Drone  
  14  0:31  Drone  
  14  0:34  Drone  
  17  0:51  Hatchery  
  17  0:53  Drone  
  18  0:57  Drone  
  18  1:07  Extractor  
  17  1:12  Spawning Pool  
  17  1:14  Drone  
  17  1:18  Drone  
  18  1:27  Drone  
  19  1:40  Overlord  
  19  1:50  Drone  
  20  1:59  Zergling x2, Queen  
  23  2:02  Queen  
  23  2:03  Zergling x2  
  26  2:10  Drone  
  26  2:14  Drone  
  28  2:22  Hatchery  
  27  2:24  Drone  
  27  2:29  Drone  
  29  2:33  Metabolic Boost  
  29  2:42  Drone  
  30  2:46  Pneumatized Carapace  
  30  2:49  Overlord  
  30  2:52  Drone  
  30  2:54  Drone  
  30  2:56  Drone  
  33  2:59  Drone  
  34  3:08  Drone  
  34  3:10  Queen  
  37  3:15  Drone x3  
  37  3:18  Drone  
  41  3:29  Overlord  
  41  3:31  Drone  
  41  3:32  Roach Warren  
  41  3:36  Zergling x2  
  41  3:37  Zergling x4  
  44  3:43  Drone x2, Overlord  
  44  3:46  Queen  
  48  3:54  Drone  
  48  3:55  Drone x4  
  53  3:58  Drone  
  53  4:02  Queen  
  56  4:04  Overlord  
  56  4:08  Drone x2  
  58  4:10  Drone  
  59  4:17  Overlord  
  59  4:19  Drone  
  59  4:21  Drone x2, Extractor  
  59  4:22  Drone  
  62  4:24  Zergling x4  
  64  4:33  Zergling x2  
  64  4:36  Drone  
  64  4:37  Drone x7  
  73  4:40  Spore Crawler  
  73  4:41  Spore Crawler  
  73  4:44  Spore Crawler  
  70  4:47  Lair  
  70  4:48  Drone  
  71  4:53  Overlord x2  
  71  4:56  Drone x2  
  71  4:57  Zergling x2  
  71  4:59  Extractor  
  73  5:03  Drone, Overlord  
  73  5:04  Extractor, Overlord  
  73  5:08  Drone  
  74  5:14  Extractor  
  74  5:16  Drone x3, Evolution Chamber x2  
  74  5:17  Drone  
  74  5:18  Baneling Nest  
  72  5:26  Drone  
  70  5:34  Drone  
  70  5:35  Drone x6  
  74  5:48  Hydralisk Den  
  74  5:49  Zerg Ground Armor Level 1  
  74  5:50  Drone x6  
  79  6:04  Zerg Melee Weapons Level 1  
  79  6:08  Drone  
  79  6:10  Extractor  
  79  6:11  Drone  
  79  6:13  Overlord  
  79  6:14  Centrifical Hooks, Overlord  
  79  6:17  Queen  
  82  6:19  Hatchery, Queen  
  82  6:33  Drone x4  
  82  6:34  Overlord  
  82  6:35  Muscular Augments  
  82  6:36  Zergling x16  
  94  6:44  Overlord x2  
  94  6:45  Zergling x2  
  94  6:46  Zergling x8  
  99  6:47  Baneling x3  
  99  6:48  Baneling x2  
  99  6:57  Zergling x6  
  99  7:00  Overlord  
  102  7:15  Overlord x3  
  102  7:18  Hydralisk x8  
  118  7:26  Drone x2  
  118  7:27  Infestation Pit  
  118  7:28  Zergling x2, Hydralisk  
  115  7:31  Hydralisk, Queen  
  119  7:38  Hydralisk  
  119  7:39  Zergling x4  
  119  7:42  Zergling x2, Hydralisk  
  122  7:49  Hydralisk  
  122  7:50  Zergling x10  
  125  7:53  Hydralisk  
  125  7:54  Zergling x6  
  125  7:56  Hydralisk  
  125  7:57  Zergling x2  
  120  7:59  Zergling x4  
  120  8:05  Zergling x4, Hydralisk  
  125  8:19  Hatchery  
  124  8:20  Overlord  
  124  8:21  Hive  
  124  8:25  Zerg Ground Armor Level 2  
  124  8:28  Zerg Melee Weapons Level 2  
  124  8:33  Baneling  
  124  8:34  Baneling x9  
  123  8:39  Hydralisk  
  123  8:40  Zergling x6  
  127  8:49  Overlord  
  127  8:52  Zergling x6  
  127  8:53  Zergling x8  
  134  9:04  Zergling x4  
  134  9:05  Zergling x16  
  144  9:12  Baneling x7  
  144  9:26  Overlord  
  144  9:27  Overlord  
  144  9:32  Zergling x12  
  144  9:33  Zergling x6  
  147  9:38  Zergling x2  
  147  9:39  Zergling x8  
  147  9:41  Adrenal Glands  
  147  9:42  Drone  
  147  9:43  Viper  
  147  9:44  Ultralisk Cavern  
  155  9:51  Zergling x2, Hydralisk  
  155  9:52  Zergling x8  
  155  9:58  Zergling x8, Viper  
  156  10:01  Viper  
  157  10:07  Viper  
  157  10:11  Baneling  
  157  10:12  Baneling x11  
  157  10:13  Baneling x2  
  160  10:21  Queen x3  
  166  10:29  Zergling x2  
  166  10:30  Zergling x16  
  166  10:32  Chitinous Plating  
  175  10:38  Zergling x2  
  175  10:39  Zergling x8  
  180  10:46  Drone  
  181  10:53  Baneling x4  
  181  10:57  Zerg Ground Armor Level 3  
  181  10:58  Hatchery  
  181  11:01  Zerg Melee Weapons Level 3  
  178  11:14  Zergling x10, Hydralisk  
  178  11:15  Zergling x8  
  188  11:24  Ultralisk  
  194  11:26  Queen  
  196  11:33  Zergling x6  
  186  11:51  Viper  
  186  11:52  Viper x2  
  161  12:01  Zergling x18  
  166  12:17  Queen  
  168  12:25  Drone x2  
  170  12:32  Baneling x7, Hatchery  
  170  12:34  Drone x4, Extractor  
  170  12:35  Drone x5, Extractor  
  170  12:36  Drone  
  177  12:37  Drone  
  177  12:38  Viper, Spire  
  177  12:39  Ultralisk, Hatchery, Zergling x2  
  186  12:55  Baneling x4  
  186  12:56  Baneling x5  
  183  13:10  Baneling x6  
  183  13:11  Baneling x3  
  183  13:21  Baneling x6, Zergling x2  
  183  13:22  Zergling x18  
  193  13:35  Zergling x10  
Show
View Real Time Build Order
Export as new Build Order

BlueCheese Terran 

Build Orders: Reaper Expand, Bio Tank 

Get SALT Encoding   

  12  0:00  SCV  
  13  0:13  SCV  
  14  0:17  Supply Depot  
  14  0:25  SCV  
  15  0:39  SCV  
  15  0:40  Barracks  
  16  0:45  Refinery  
  16  0:51  SCV  
  17  1:03  SCV  
  18  1:15  SCV  
  19  1:28  Orbital Command, Reaper  
  20  1:39  Command Center  
  20  1:53  SCV, Supply Depot  
  21  1:59  Marine  
  22  2:06  SCV  
  23  2:10  Refinery  
  23  2:17  Factory  
  23  2:18  SCV  
  23  2:22  Barracks Reactor  
  24  2:30  SCV  
  25  2:42  SCV  
  26  2:51  Orbital Command  
  26  2:54  SCV  
  27  3:03  Starport  
  27  3:06  SCV, Hellion x2  
  27  3:12  Barracks Tech Lab  
  32  3:18  SCV  
  33  3:20  SCV  
  34  3:28  Hellion x2  
  34  3:30  SCV  
  34  3:32  SCV  
  40  3:42  SCV  
  40  3:44  SCV  
  40  3:45  Supply Depot  
  40  3:46  Viking  
  44  3:49  Supply Depot  
  44  3:54  SCV  
  45  3:56  SCV  
  46  4:05  Liberator  
  46  4:07  SCV, Hellion x2  
  51  4:11  Command Center, Barracks Tech Lab  
  51  4:18  SCV  
  51  4:19  SCV  
  51  4:23  Supply Depot  
  56  4:30  SCV  
  56  4:31  SCV  
  58  4:36  Marine, Stimpack  
  59  4:42  SCV  
  59  4:43  SCV  
  59  4:45  Barracks  
  61  4:46  Factory Reactor  
  61  4:49  Barracks  
  61  4:54  SCV  
  61  4:55  Refinery, SCV, Marine  
  61  4:56  Refinery  
  64  5:03  Engineering Bay  
  64  5:04  Engineering Bay  
  64  5:06  SCV  
  65  5:07  SCV  
  65  5:13  Supply Depot, Marine  
  67  5:18  SCV  
  67  5:19  SCV  
  67  5:20  Starport Reactor  
  67  5:34  Terran Infantry Weapons Level 1, Terran Infantry Armor Level 1  
  65  5:37  Siege Tank  
  65  5:39  Marine x3  
  65  5:42  Marine x2  
  66  5:44  Barracks  
  66  5:48  Barracks  
  64  5:50  Orbital Command  
  64  5:53  SCV x2  
  64  5:57  Marine x3  
  66  5:59  Medivac, Marine x2  
  66  6:02  Medivac  
  75  6:05  SCV x2  
  75  6:11  Siege Tank  
  80  6:14  Supply Depot, Marine x2  
  80  6:15  Marine  
  80  6:16  Orbital Command  
  80  6:17  SCV x2, Marine x2  
  87  6:32  Marine x3  
  84  6:33  SCV x2  
  84  6:37  Barracks Reactor x2  
  84  6:38  Supply Depot, Marine x2  
  84  6:39  Supply Depot x2  
  91  6:41  Combat Shields  
  91  6:42  Supply Depot  
  91  6:43  SCV  
  91  6:45  SCV  
  93  6:50  Marine x2  
  93  6:51  Marine  
  93  6:52  SCV  
  97  6:55  SCV, Supply Depot  
  97  6:56  Marine x2  
  100  7:04  SCV  
  101  7:08  Marine x3  
  101  7:10  SCV, Factory  
  101  7:13  Marine x3  
  101  7:14  Medivac x2, Marine, Siege Tank  
  101  7:15  Marine  
  115  7:16  SCV x2  
  115  7:19  Supply Depot  
  115  7:21  Marine  
  118  7:26  Marine x3  
  121  7:31  Marine x4  
  121  7:33  Marine  
  126  7:39  Marine  
  126  7:44  Marine x3  
  127  7:48  Marine  
  127  7:49  Marine x3  
  127  7:51  Marine  
  130  7:56  Marine  
  130  7:57  Medivac  
  130  7:58  Medivac  
  132  8:02  Marine x3  
  132  8:05  Armory  
  132  8:06  Marine x2, Barracks  
  132  8:07  Marine x2, Barracks  
  132  8:08  Barracks, Marine  
  124  8:14  Marine  
  124  8:18  Siege Tank  
  124  8:19  Marine  
  125  8:20  SCV x3, Marine x2, Factory  
  125  8:22  Refinery  
  125  8:24  Refinery, Marine  
  132  8:32  SCV x2  
  132  8:33  Marine x3  
  137  8:35  SCV  
  137  8:37  Marine x2  
  137  8:38  Marine x3  
  137  8:39  Supply Depot, Medivac  
  145  8:44  SCV x2  
  145  8:46  Marine  
  145  8:48  SCV  
  144  8:51  Supply Depot, Marine x3  
  144  8:52  Terran Infantry Weapons Level 2  
  144  8:54  Supply Depot  
  144  8:55  Marine  
  147  9:00  Siege Tank, Terran Infantry Armor Level 2  
  147  9:01  Marine x3  
  147  9:02  Barracks Tech Lab x2  
  154  9:03  Barracks Tech Lab  
  154  9:07  Factory Tech Lab  
  154  9:09  Marine x2  
  155  9:12  Marine x2  
  155  9:13  Marine x2  
  159  9:19  Marine  
  159  9:24  Marine x4  
  160  9:25  Medivac x2, Marauder  
  160  9:26  Marine  
  160  9:27  Factory Tech Lab  
  160  9:31  Marauder  
  173  9:34  Command Center, Siege Tank  
  173  9:36  Marine x4  
  173  9:37  Marine  
  169  9:42  Marine x2, Marauder  
  173  9:50  Marauder, Marine x2  
  173  9:53  Marine  
  173  9:55  Marine x2  
  173  9:57  Marine x2  
  173  9:58  Marine  
  173  9:59  Siege Tank  
  85  10:00  Medivac  
  173  10:09  Supply Depot  
  173  10:11  Marauder, Marine x3, Siege Tank  
  173  10:12  Supply Depot x3  
  173  10:13  Supply Depot, Terran Vehicle Weapons Level 1  
  181  10:24  Marine  
  181  10:30  Marine x3  
  181  10:31  Siege Tank, Marauder  
  181  10:32  Supply Depot  
  181  10:33  Marine x2, Siege Tank  
  194  10:37  Sensor Tower  
  194  10:38  Concussive Shells  
  191  10:43  Siege Tank  
  191  10:45  Marine x4  
  191  10:46  Marauder  
  200  11:35  Siege Tank x2  
  200  11:36  Planetary Fortress  
  200  11:38  Refinery x2  
  193  11:45  Marine x3, Marauder x2  
  193  11:46  Marauder x2, Marine x3  
  170  11:58  Siege Tank  
  170  12:00  Marine  
  170  12:01  Marine  
  152  12:03  Marine x4  
  152  12:07  Marauder x4, Siege Tank x2  
  153  12:12  Marine x2  
  153  12:13  Medivac x2  
  147  12:18  Marine  
  147  12:19  Marine  
  149  12:27  Marine x4  
  149  12:28  Marauder x4  
  161  12:30  Siege Tank  
  161  12:31  Marine x2  
  161  12:36  Marine x2  
  168  12:45  Marine x4  
  168  12:48  Marine  
  168  12:49  Marauder  
  168  12:50  Marauder x3  
  181  12:53  Marine  
  181  12:54  Marine x2  
  177  13:03  Marine x2  
  177  13:04  Medivac, Marine  
  181  13:07  Siege Tank  
  181  13:11  Marauder x4, Marine x2  
  194  13:16  Command Center  
  194  13:28  Marine x4  
  194  13:32  Marauder x3  
Tags
 
Add a new tag
Caveats
  • Supply blocks, unpowered buildings, or Contaminate may cause inaccurate times.
  • Supply counts are checked every 10 seconds.